 Dungeon Crawl Stone Soup version 0.22.1-1-ga44c0e5 (webtiles) character file.

49 Agosen the Skirmisher (level 3, -1/29 HPs)
             Began as a Demonspawn Berserker on Nov 11, 2018.
             Was a Believer of Trog.
             Slain by a frilled lizard (2 damage)
             ... on level 2 of the Dungeon.
             The game lasted 00:02:58 (1883 turns).

Agosen the Skirmisher (Demonspawn Berserker)        Turns: 1883, Time: 00:02:59

Health: -1/29      AC:  0    Str: 18    XL:     3   Next: 51%
Magic:  3/3        EV: 12    Int:  8    God:    Trog [**....]
Gold:   41         SH:  0    Dex: 12    Spells: 2/2 levels left

rFire    . . .     SeeInvis .     - Unarmed
rCold    . . .     Gourm    .   (no shield)
rNeg     . . .     Faith    .   b - +0 animal skin
rPois    .         Spirit   .   (no helmet)
rElec    .         Reflect  .   (no cloak)
rCorr    .         Harm     .   (no gloves)
MR       .....                  (no boots)
Stlth    +.........             (no amulet)
HPRegen  0.09/turn              f - -3 ring of protection (curse)
MPRegen  0.08/turn              (no ring)

@: berserk cooldown, slowed, very slow
A: claws 1, rot immunity
a: Berserk, Trog's Hand, Renounce Religion


You were on level 2 of the Dungeon.
You worshipped Trog.
Trog was pleased with you.
You were not hungry.

You visited 1 branch of the dungeon, and saw 2 of its levels.

You collected 41 gold pieces.

Inventory:

Hand Weapons
 a - a +0 spear
Armour
 b - a +0 animal skin (worn)
Jewellery
 f - a cursed -3 ring of protection (left claw)
Scrolls
 h - a scroll of enchant armour {unknown}
 l - a scroll of teleportation {unknown}
 m - a scroll of identify {unknown}
 n - a scroll of remove curse {unknown}
 o - a scroll of fear {unknown}
Potions
 d - a potion of agility {unknown}
 e - a potion of might {unknown}
 g - a potion of brilliance {unknown}
 i - a potion of curing {unknown}
 j - 2 potions of flight {unknown}
 k - a potion of degeneration {unknown}
Comestibles
 c - a ration


   Skills:
 - Level 3.2 Fighting
 - Level 3.0 Polearms
 * Level 2.0 Armour
 * Level 2.4 Dodging
 * Level 1.3 Unarmed Combat


You had 2 spell levels left.
You didn't know any spells.
Your spell library was empty.

Dungeon Overview and Level Annotations

Branches:
Dungeon (2/15)

Altars:


Innate Abilities, Weirdness & Mutations

You have sharp fingernails.
You are immune to rotting.


Message History

You feel sick.
You are no longer poisoned.
The frilled lizard hisses angrily.
The frilled lizard bites you.
* * * LOW HITPOINT WARNING * * *
You are too injured to fight recklessly!
You are too injured to fight recklessly!
You are too injured to fight recklessly!
You closely miss the frilled lizard. The frilled lizard closely misses you.
The frilled lizard completely misses you.
You scratch the frilled lizard but do no damage.
The frilled lizard closely misses you.
You closely miss the frilled lizard. The frilled lizard closely misses you.
The frilled lizard completely misses you.
You scratch the frilled lizard but do no damage.
The frilled lizard bites you.
* * * LOW HITPOINT WARNING * * *
You closely miss the frilled lizard. The frilled lizard closely misses you.
The frilled lizard bites you.
You die...

#### ..#
#######l#
.......@#+#####
.######.†.....#
#.?........+
##....††...#
#.#.###+###
.######.###
..........#
########.#.#
.....#...#.#


You could see a frilled lizard.

Vanquished Creatures
  An adder (D:2)
  3 dart slugs
  A giant cockroach (D:1)
  5 goblins (D:1)
  A hobgoblin (D:1)
  6 jackals (D:2)
  2 kobolds (D:1)
  6 bats (D:1)
  4 frilled lizards
  3 rats (D:1)
32 creatures vanquished.

Notes
Turn   | Place    | Note
-------+----------+-------------------------------------------
     0 | D:1      | Agosen the Demonspawn Berserker began the quest for the
                  | Orb.
     0 | D:1      | Reached XP level 1. HP: 18/18 MP: 1/1
   147 | D:1      | Gained mutation: You have sharp fingernails. [demonic
                  | ancestry]
   147 | D:1      | Reached XP level 2. HP: 24/24 MP: 2/2
  1755 | D:2      | Gained mutation: You are immune to rotting. [demonic
                  | ancestry]
  1755 | D:2      | Reached XP level 3. HP: 26/29 MP: 3/3
  1840 | D:2      | Reached ** piety under Trog
  1840 | D:2      | Reached skill level 1 in Unarmed Combat
  1878 | D:2      | HP: 1/29 [frilled lizard (2)]
  1883 | D:2      | Slain by a frilled lizard

Skill      XL: |  1  2  3 |
---------------+----------+-----
Polearms       | 3 |  3.0
Dodging        | 2 |  2.4
Armour         | 2 |  2.0
Unarmed Combat | 1 |  1.3
Fighting       | |  3.2

Action                   || total
-------------------------++-------
Melee: Spear             ||    21
       Unarmed           ||   111
Invok: Berserk           ||     3
  Eat: Ration            ||     1
       Chunk             ||     2
Armor: Animal skin       ||     5
Dodge: Dodged            ||    95
